 Dungeon Crawl Stone Soup version 0.31-a0-1620-gcbf77bbcfc (webtiles) character file.

Game seed: 15042539812402842928

23 Gargoyl the Trooper (level 2, -4/20 HPs)
             Began as a Gargoyle Berserker on Jan 11, 2024.
             Was a Follower of Trog.
             Slain by a gnoll
             ... wielding a +0 flail
              (9 damage)
             ... on level 1 of the Dungeon.
             The game lasted 00:01:49 (686 turns).

Gargoyl the Trooper (Gargoyle Berserker)             Turns: 686, Time: 00:01:50

Health: -4/20      AC:  5    Str: 20    XL:     2   Next: 95%
Magic:  2/2        EV: 11    Int:  7    God:    Trog [*.....]
Gold:   71         SH:  3    Dex:  9    Spells: 1/1 levels left

rFire   . . .        a - +0 hand axe
rCold   . . .        g - +0 buckler
rNeg    + . .        b - +0 animal skin
rPois   ∞            (no helmet)
rElec   +            (no cloak)
rCorr   .            (no gloves)
SInv    .            (no boots)
Will    .....        (no amulet)
Stlth   +            (no ring)
HPRegen 0.23/turn    (no ring)
MPRegen 0.08/turn

%: no passive effects
@: no status effects
A: sickness immunity, AC +2, negative energy resistance 1, electricity
resistance, torment resistance 1, petrification resistance
a: Renounce Religion, Berserk


You were on level 1 of the Dungeon.
You worshipped Trog.
Trog was aware of your devotion.
You visited 1 branch of the dungeon, and saw 1 of its levels.

You collected 71 gold pieces.

Inventory:

Hand Weapons
 a - a +0 hand axe (weapon)
 f - a +0 spear
Armour
 b - a +0 animal skin (worn)
 g - a +0 buckler (worn)
Scrolls
 d - a scroll of fog {unknown}
 e - a scroll of torment {unknown}
Potions
 c - 2 potions of heal wounds {unknown}


   Skills:
 + Level 3.6 Fighting
 + Level 3.2 Axes
 + Level 2.3 Armour
 + Level 1.7 Dodging
 + Level 0.2 Stealth


You had one spell level left.
You didn't know any spells.
Your spell library was empty.

Dungeon Overview and Level Annotations

Branches:
Dungeon (1/15)

Altars:

Shops:
D:1 (


Innate Abilities, Weirdness & Mutations

You are immune to sickness and miasma.
Your stone body is resilient. (AC +2)
You are immune to poison.
You resist negative energy. (rN+)
You are resistant to electric shocks. (rElec)
You are resistant to unholy torment.
You are immune to petrification.


Message History

A giant cockroach is nearby!
A giant cockroach is nearby!
The giant cockroach barely misses you.
You hit the giant cockroach.
You kill the giant cockroach!
Trog accepts your kill.
You see here a giant cockroach corpse.
There are no items here.
You see here a +0 buckler.
g - a +0 buckler You start putting on your armour.
You continue putting on your +0 buckler. x4
You finish putting on your +0 buckler.
You open the door.
There is an open door here.
There is an open door here.
You open the door.
There is an open door here.
You now have 71 gold pieces (gained 6).
There is an open door here.
Key pressed, stopping explore.
A gnoll comes into view. It is wielding a +0 flail.
The gnoll shouts!
A gnoll is nearby!
A gnoll is nearby!
The gnoll hits you with a +0 flail.
You barely miss the gnoll. The gnoll barely misses you.
You barely miss the gnoll. The gnoll closely misses you.
You slash the gnoll!
The gnoll is heavily wounded.
The gnoll hits you with a +0 flail!
Ouch! That really hurt!
* * * LOW HITPOINT WARNING * * *
You hit the gnoll but do no damage.
The gnoll is heavily wounded.
The gnoll closely misses you.
You hit the gnoll but do no damage.
The gnoll is heavily wounded.
The gnoll hits you with a +0 flail!
You die...

.......#..........##.#..## ...#
..................##.#...# ...###
..................##.#...# ......
....)...######....##.#...###....#
........# ##....##.......+....+
........#####.........#..###....#
##....................#....#....#
##'###.....#..........#....'....+
...........#...g@..####....#.:..#
...........#..........#....#.....
...........#...............#..)..
.......#...................####..
.......#......................#..
.......#.....)##...#..........#..
..........##+#.....######.....#..
....(..............)..###.....#..
....#..............##..##.....#..


You could see a gnoll.

Vanquished Creatures
  A dart slug (D:1)
  2 ball pythons (D:1)
  A bat (D:1)
  An endoplasm (D:1)
  2 giant cockroaches (D:1)
  4 goblins (D:1)
  2 hobgoblins (D:1)
  3 frilled lizards (D:1)
  A kobold (D:1)
  2 rats (D:1)
19 creatures vanquished.

Notes
Turn   | Place    | Note
-------+----------+-------------------------------------------
     0 | D:1      | Gargoyl the Gargoyle Berserker began the quest for the Orb.
     0 | D:1      | Reached XP level 1. HP: 14/14 MP: 1/1
    20 | D:1      | Found Gacsuck's Weapon Shoppe.
   114 | D:1      | Found a faded altar of an unknown god.
   124 | D:1      | Reached XP level 2. HP: 17/19 MP: 2/2
   686 | D:1      | Slain by a gnoll

Illustrated notes

Levels and vault maps discovered:
D:1:      saegor_arrival_simple_d, layout_basic, serial_shops, shop,
          ebering_ecumenical_altar_sacrificial, nicolae_figureground_sparkle

Skill      XL: |  1  2 |
---------------+-------+-----
Axes           | 3 |  3.2
Fighting       | |  3.6
Armour         | |  2.3
Dodging        | |  1.7
Stealth        | |  0.2

Action                     || total
---------------------------++-------
  Melee: Hand axe          ||    58
 Armour: Animal skin       ||    32
  Dodge: Dodged            ||    33

Table legend: (Time is in decaauts)
 A = Elapsed time spent in this place.
 B = Non-inter-level travel time spent in this place.
 C = Inter-level travel time spent in this place.
 D = Time resting spent in this place.
 E = Time spent auto-exploring this place.
 F = Levels seen in this place.
 G = Mean time per level.
                   A        B        C        D        E       F      G
               +--------+--------+--------+--------+--------+-----+--------+
         Total |    694 |    694 |      0 |      0 |    486 |   1 |  694.0 |
       Dungeon |    694 |    694 |      0 |      0 |    486 |   1 |  694.0 |
               +--------+--------+--------+--------+--------+-----+--------+

Top non-repeatable levels by time:
     D:1: 694 daAuts
